 Dungeon Crawl Stone Soup version 0.26.0-18-gc5c842f807 (webtiles) character file.

Game seed: 467130208693288653

623 thiole the Sneak (level 7, -2/45 HPs)
             Began as an Octopode Hedge Wizard on Jan 22, 2021.
             Slain by Duvessa
             ... wielding a +0 short sword
              (12 damage)
             ... on level 5 of the Dungeon.
             The game lasted 00:10:37 (6139 turns).

thiole the Sneak (Octopode Hedge Wizard)            Turns: 6139, Time: 00:10:38

Health: -2/45      AC:  1    Str: 10    XL:     7   Next: 46%
Magic:  0/13       EV: 13    Int: 18    God:
Gold:   274        SH:  0    Dex: 11    Spells: 6/14 levels left

rFire    . . .     SeeInvis .   t - +2 hand axe (elec)
rCold    . . .     Faith    .   (no shield)
rNeg     . . .     Spirit   +   b - +0 hat
rPois    .         Reflect  .   o - amulet of guardian spirit
rElec    .         Harm     .   (no ring)
rCorr    .         Rampage  .   (no ring)
Will     .....                  (no ring)
Stlth    ++++......             (no ring)
HPRegen  0.15/turn              (no ring)
MPRegen  0.13/turn              (no ring)
                                (no ring)
                                (no ring)

@: no status effects
A: almost no armour, stealthy swim, amphibious, 8 rings, constrict 8, camouflage
1, gelatinous body 1
a: no special abilities


You were on level 5 of the Dungeon.
You visited 1 branch of the dungeon, and saw 5 of its levels.

You collected 274 gold pieces.

Inventory:

Hand Weapons
 a - a +0 dagger
 t - a +2 hand axe of electrocution (weapon)
Armour
 b - a +0 hat (worn)
Jewellery
 o - an amulet of guardian spirit (around mantle)
Wands
 s - a wand of iceblast (8)
Scrolls
 c - 2 scrolls of amnesia {unknown}
 d - a scroll of immolation {unknown}
 f - 2 scrolls of teleportation {unknown}
 g - 3 scrolls of fog {unknown}
 k - 2 scrolls of blinking {unknown}
 l - a scroll of identify
 m - a scroll of enchant weapon {unknown}
 p - a scroll of magic mapping {unknown}
 r - 2 scrolls of enchant armour {unknown}
 u - 2 scrolls of remove curse {unknown}
Potions
 e - 2 potions of heal wounds
 h - 4 potions of lignification
 i - 2 potions of cancellation
 j - 2 potions of brilliance
 n - 2 potions of magic
 q - a potion of curing
 v - a potion of berserk rage {unknown}


   Skills:
 + Level 2.5 Fighting
 - Level 2.0 Dodging
 + Level 5.2 Stealth
 + Level 4.2 Spellcasting
 - Level 2.0 Conjurations
 + Level 3.3 Summonings
 - Level 1.0 Translocations
 * Level 3.7 Air Magic


You had 6 spell levels left.
You knew the following spells:

 Your Spells              Type           Power        Failure   Level
a - Magic Dart            Conj           40%          6%          1
b - Call Imp              Summ           16%          5%          2
c - Slow                  Hex            3%           22%         2
d - Mephitic Cloud        Conj/Pois/Air  10%          21%         3

Your spell library contained the following spells:

 Spells                   Type           Power        Failure   Level
 Blink                    Tloc           N/A          14%         2
 Conjure Flame            Conj/Fire      7%           28%         3


Dungeon Overview and Level Annotations

Branches:
Dungeon (5/15)
 Temple: D:4-7

Altars:
Ashenzari
Zin

Annotations:
D:3 2 transporters, SnakkuSnakku7's ghost, amateur VSAM
D:5 !, 1 runed translucent door, Duvessa; Grinder; Prince Ribbit


Innate Abilities, Weirdness & Mutations

You cannot wear most types of armour.
You are very stealthy in the water. (Stealth+)
You are amphibious.
You can wear up to eight rings at the same time.
You can use your tentacles to constrict eight enemies at once.
Your skin changes colour to match your surroundings (Stealth+).
Your rubbery body absorbs attacks. (AC +1, EV +1)


Message History

a +0 dagger; a +0 robe You barely miss Duvessa.
You grab Duvessa. Your squeeze misses Duvessa.
You constrict Duvessa, but do no damage.
Duvessa hits you with a +0 short sword. Duvessa hits you with a +0 short sword!
You slash Duvessa!
Duvessa is lightly wounded.
You constrict Duvessa. Duvessa barely misses you.
Duvessa completely misses you.
You barely miss Duvessa.
Duvessa is moderately wounded.
You constrict Duvessa. Duvessa barely misses you.
Duvessa hits you with a +0 short sword!
Your crimson imp blinks!
You hit Duvessa but do no damage.
Duvessa is moderately wounded.
You constrict Duvessa, but do no damage.
Duvessa hits you with a +0 short sword!
* * * LOW HITPOINT WARNING * * *
Duvessa hits you with a +0 short sword!
You die...

###### #...>## #########
#...<.#..F...#........
#.....#......#........
#.....#......#........
#.....#......#............
#.....#......#.?...?.....
#.....#......#e.........
####'##..##.##@# #....#
+####..##..##.##.####....##
....#............ยง........#
....#.....................# ##
....#.....................# ###[
...####....##............#####...
...####....########'######.....##
......#....##....#............##A
......#..........#.........[.###.


You could see Duvessa (berserk).

Vanquished Creatures
  A scorpion (D:4)
  A hound (D:5)
  3 orc priests
  An orc wizard (D:4)
  5 worker ants
  8 adders
  4 oozes
  2 worms
  2 dart slugs
  3 leopard geckos
  8 orcs
  A ball python (D:2)
  8 bats
  7 giant cockroaches
  6 hobgoblins
  7 jackals
  3 quokkas (D:4)
  7 frilled lizards
  9 goblins
  7 kobolds
  7 rats
100 creatures vanquished.

Vanquished Creatures (collateral kills)
  Dowan (D:5)
  A jelly (D:5)
  2 orc priests (D:4)
  An orc wizard (D:4)
  A worker ant (D:5)
  An orc (D:4)
  A giant cockroach (D:5)
  A jackal (D:5)
  A frilled lizard (D:4)
10 creatures vanquished.

Grand Total: 110 creatures vanquished

Notes
Turn   | Place    | Note
-------+----------+-------------------------------------------
     0 | D:1      | thiole the Octopode Hedge Wizard began the quest for the
                  | Orb.
     0 | D:1      | Reached XP level 1. HP: 11/11 MP: 4/4
   193 | D:1      | Reached XP level 2. HP: 4/17 MP: 4/6
   557 | D:1      | Reached skill level 3 in Stealth
   944 | D:1      | Reached XP level 3. HP: 21/21 MP: 4/7
  1495 | D:2      | Learned a level 2 spell: Call Imp
  1498 | D:2      | Learned a level 2 spell: Slow
  1502 | D:2      | Learned a level 3 spell: Mephitic Cloud
  1665 | D:2      | Reached XP level 4. HP: 26/27 MP: 2/9
  1793 | D:2      | Found a broken altar of Ashenzari.
  2041 | D:2      | Reached skill level 1 in Air Magic
  2353 | D:2      | Reached skill level 1 in Fighting
  3023 | D:3      | Reached XP level 5. HP: 33/33 MP: 7/10
  3135 | D:3      | Reached skill level 4 in Stealth
  3662 | D:3      | Found a transporter.
  3667 | D:3      | Noticed SnakkuSnakku7's ghost (amateur VSAM)
  3667 | D:3      | Noticed an orc warrior
  3671 | D:3      | Found a transporter.
  3856 | D:3      | Reached XP level 6. HP: 37/38 MP: 6/11
  4853 | D:4      | Reached XP level 7. HP: 41/45 MP: 6/13
  5502 | D:4      | Reached skill level 5 in Stealth
  5585 | D:5      | Entered Level 5 of the Dungeon
  5601 | D:5      | Noticed Prince Ribbit
  5701 | D:5      | Noticed Duvessa
  5709 | D:5      | Found a runed translucent door.
  5718 | D:5      | Found a glowing silver altar of Zin.
  5718 | D:5      | Noticed an angel
  5950 | D:5      | Noticed Grinder
  6128 | D:5      | Noticed Dowan
  6133 | D:5      | Killed Dowan
  6139 | D:5      | Slain by Duvessa

Illustrated notes

Levels and vault maps discovered:
D:1:      wheals_arrival_shading, layout_rooms
D:2:      layout_loops_ring, nicolae_ashenzari_panopticon
D:3:      layout_basic, gammafunk_ghost_arena
D:4:      layout_rooms, minmay_starry_boxes
D:5:      layout_gridville, minmay_temple_entry_wispy, lemuel_angel_altar,
          uniq_menkaure, uniq_grinder, uniq_duvessa, uniq_prince_ribbit1

Skill      XL: |  1  2  3  4  5  6  7 |
---------------+----------------------+-----
Stealth        | 3 4 5 |  5.2
Conjurations   | 2 |  2.0
Summonings     | 2 3 |  3.3
Air Magic      | 1 2 3 |  3.7
Fighting       | 1 2 |  2.5
Spellcasting   | 4 |  4.2
Dodging        | |  2.0
Translocations | |  1.0

Action                   |  1- 3 |  4- 6 |  7- 9 || total
-------------------------+-------+-------+-------++-------
Melee: Dagger            |    54 |    63 |       ||   117
       Constrict         |    12 |    22 |     3 ||    37
       Tentacles         |     6 |    16 |     2 ||    24
       Hand axe          |       |     8 |    25 ||    33
 Cast: Magic Dart        |    71 |   138 |    22 ||   231
       Call Imp          |       |     5 |     5 ||    10
  Use: Scroll            |       |     4 |     3 ||     7
       Potion            |       |     1 |     1 ||     2
 Stab: Sleeping          |     1 |       |       ||     1
Armor: Skin              |     6 |     3 |     2 ||    11
Dodge: Dodged            |    39 |    43 |    12 ||    94
